 Dungeon Crawl Stone Soup version 0.27.0-1-g7a089689b8 (webtiles) character file.

Game seed: 16387518361841490531

791 mainiacjoe the Chopper (level 7, -8/52 HPs)
             Began as a Demonspawn Monk on Aug 8, 2021.
             Was a Believer of Qazlal.
             Mangled by a wraith (11 damage)
             ... on level 6 of the Dungeon.
             The game lasted 00:10:54 (6990 turns).

mainiacjoe the Chopper (Demonspawn Monk)            Turns: 6990, Time: 00:10:55

Health: -8/52      AC:  6    Str: 16    XL:     7   Next: 57%
Magic:  10/10      EV:  7    Int: 11    God:    Qazlal [**....]
Gold:   204        SH: 13    Dex: 15    Spells: 6/6 levels left

rFire    . . .     SeeInvis .   a - +8 falchion "Olemnafa" {freeze, Str+2}
rCold    . . .     Faith    .   s - +0 tower shield
rNeg     . . .     Spirit   .   E - +3 leather armour
rPois    .         Reflect  .   (helmet restricted)
rElec    .         Harm     .   (no cloak)
rCorr    .         Rampage  .   (no gloves)
Will     .....                  (no boots)
Stlth    +.........             (no amulet)
HPRegen  0.17/turn              (no ring)
MPRegen  0.12/turn              (no ring)

@: slowed, very slow
A: horns 1, ignite blood 1, powered by pain 1
a: Renounce Religion, Upheaval


You were on level 6 of the Dungeon.
You worshipped Qazlal.
Qazlal was pleased with you.
You visited 2 branches of the dungeon, and saw 7 of its levels.

You collected 264 gold pieces.
You spent 60 gold pieces at shops.

Inventory:

Hand Weapons
 a - the +8 falchion "Olemnafa" (weapon) {freeze, Str+2}
   (You found it on level 5 of the Dungeon)

   It freezes those it strikes, dealing additional cold damage.
   It can also slow down cold-blooded creatures.
   Str:       It affects your strength (+2).
 b - a +0 hunting sling
 u - a +0 dagger of electrocution
 w - a +0 hand axe
Missiles
 d - 147 stones
 f - 45 poisoned darts (quivered)
 m - 50 sling bullets
 n - 5 boomerangs
 z - 24 bolts
Armour
 l - a +0 ring mail
 s - a +0 tower shield (worn)
 E - a +3 leather armour (worn)
Wands
 j - a wand of iceblast (8)
 o - a wand of acid (9)
 t - a wand of polymorph (10)
Scrolls
 c - a scroll of blinking {unknown}
 p - a scroll of amnesia {unknown}
 q - 2 scrolls of magic mapping {unknown}
 v - 2 scrolls of fog
 x - a scroll of immolation {unknown}
 y - a scroll of vulnerability {unknown}
 A - a scroll of teleportation {unknown}
 C - a scroll of enchant weapon {unknown}
 D - a scroll of fear {unknown}
Potions
 e - 6 potions of curing
 g - 2 potions of flight
 h - 2 potions of haste {unknown}
 i - 3 potions of attraction
 k - a potion of ambrosia {unknown}
 r - a potion of degeneration {unknown}
 B - 4 potions of heal wounds


   Skills:
 - Level 3.0 Fighting
 + Level 7.4 Axes
 - Level 2.6 Dodging
 - Level 1.7 Stealth
 + Level 4.9 Invocations


You had 6 spell levels left.
You didn't know any spells.
Your spell library contained the following spells:

 Spells                   Type           Power      Damage    Failure   Level
 Beastly Appendage        Tmut           0%         N/A       100%        1
 Ensorcelled Hibernation  Hex/Ice        0%         N/A       100%        2
 Slow                     Hex            0%         N/A       100%        2
 Sublimation of Blood     Necr           0%         N/A       100%        2
 Wereblood                Tmut           0%         N/A       100%        2
 Confusing Touch          Hex            0%         N/A       100%        3
 Spider Form              Tmut/Pois      0%         N/A       100%        3
 Vampiric Draining        Necr           0%         2d6       100%        3
 Summon Ice Beast         Ice/Summ       0%         N/A       100%        4
 Summon Mana Viper        Hex/Summ       0%         N/A       100%        5
 Shadow Creatures         Summ           N/A        N/A       100%        6
 Monstrous Menagerie      Summ           0%         N/A       100%        7
 Summon Hydra             Summ           0%         N/A       100%        7


Dungeon Overview and Level Annotations

Branches:
Dungeon (6/15)             Temple (1/1) D:4

Altars:
Dithmenos
Elyvilon
Gozag
Hepliaklqana
Nemelex Xobeh
Qazlal
Ru
Sif Muna
Uskayaw
Wu Jian
Xom
Yredelemnul
Zin
The Shining One

Shops:
D:4 ?


Innate Abilities, Weirdness & Mutations

You have a pair of small horns on your head.
Your demonic aura sometimes causes spilled blood to erupt in flames.
You sometimes gain a little power by taking damage.


Message History

The wraith hits you! x2; The wraith hits you.
The wraith drains your vigour!
You feel as though you will be slow longer.
You are too injured to fight recklessly!
You are too injured to fight recklessly!
You are too injured to fight recklessly!
You hit the wraith but do no damage.
The wraith is moderately damaged.
You block the wraith's attack. The wraith hits you!
The wraith drains your vigour!
You feel as though you will be slow longer.
You hit the wraith but do no damage. Your headbutt misses the wraith.
The wraith is moderately damaged.
The wraith barely misses you. You block the wraith's attack. x2
You barely miss the wraith. Your headbutt misses the wraith.
The wraith is moderately damaged.
You block the wraith's attack. x2; The wraith hits you.
The wraith drains your vigour!
You feel as though you will be slow longer.
You slash the wraith!
The wraith is heavily damaged.
You block the wraith's attack. The wraith hits you.
You completely miss the wraith.
The wraith is heavily damaged.
The wraith barely misses you.
You riposte.
You barely miss the wraith.
You headbutt the wraith, but do no damage.
The wraith is heavily damaged.
The wraith hits you!
* * * LOW HITPOINT WARNING * * *
The wraith hits you!
* * * LOW HITPOINT WARNING * * *
The wraith drains your vigour!
You feel as though you will be slow longer.
You slash the wraith! You freeze the wraith. Your headbutt misses the wraith.
The wraith is severely damaged.
The wraith hits you.
* * * LOW HITPOINT WARNING * * *
The wraith drains your vigour!
You feel as though you will be slow longer.
The wraith hits you!
You die...

.#...... ..#..#.## ##
#.#...... #.. #.#......
....###........ .....
......... #.[...#☼°.(....
#(....W@.# ... [..#...#.#
... ##...........#.###.#
............#....##.#
..#.........##...##.#
............##....#.#
............###...#.########
#.........###.#..........##
#..........##.#...........##


You could see a wraith.

Vanquished Creatures
  Grinder (D:3)
  A black bear (D:5)
  An ogre (D:6)
  A scorpion (D:5)
  A howler monkey (D:5)
  A bullfrog zombie (D:6)
  2 hounds
  3 orc wizards (D:5)
  A howler monkey skeleton (D:5)
  5 adders
  2 ufetubi (D:6)
  2 worms (D:2)
  3 dart slugs
  7 orcs
  4 bats
  5 endoplasms
  7 giant cockroaches
  6 goblins
  7 hobgoblins
  14 jackals
  8 kobolds
  A quokka (D:2)
  7 ball pythons
  5 frilled lizards
  2 rats
97 creatures vanquished.

Notes
Turn   | Place    | Note
-------+----------+-------------------------------------------
     0 | D:1      | mainiacjoe the Demonspawn Monk began the quest for the Orb.
     0 | D:1      | Reached XP level 1. HP: 18/18 MP: 1/1
   256 | D:1      | Reached skill level 3 in Axes
   361 | D:1      | Gained mutation: You have a pair of small horns on your
                  | head. [demonic ancestry]
   361 | D:1      | Reached XP level 2. HP: 24/24 MP: 2/2
  1496 | D:2      | Reached XP level 3. HP: 18/29 MP: 3/3
  1865 | D:2      | Reached skill level 4 in Axes
  2622 | D:2      | Found a faded altar of an unknown god.
  2893 | D:2      | Gained mutation: Your demonic aura sometimes causes spilled
                  | blood to erupt in flames. [demonic ancestry]
  2893 | D:2      | Reached XP level 4. HP: 28/35 MP: 4/4
  4044 | D:3      | Noticed Grinder
  4131 | D:3      | Paralysed by Grinder for 3 turns
  4135 | D:3      | Killed Grinder
  4136 | D:3      | Reached skill level 6 in Axes
  4136 | D:3      | Reached XP level 5. HP: 41/41 MP: 5/5
  4136 | D:3      | Gained mutation: You sometimes gain a little power by
                  | taking damage. [demonic ancestry]
  4136 | D:3      | Reached XP level 6. HP: 47/47 MP: 6/6
  4647 | D:4      | Found Laowuec's Magic Scroll Boutique.
  4654 | D:4      | Bought a scroll of identify for 24 gold pieces
  4654 | D:4      | Bought a scroll of noise for 12 gold pieces
  4654 | D:4      | Bought a scroll of fog for 24 gold pieces
  4891 | D:4      | Found a staircase to the Ecumenical Temple.
  5001 | Temple   | Entered the Ecumenical Temple
  5082 | Temple   | Became a worshipper of Qazlal Stormbringer
  5082 | Temple   | Reached * piety under Qazlal
  5082 | Temple   | Reached ** piety under Qazlal
  5122 | D:4      | Found a sacrificial altar of Ru.
  5161 | D:4      | Found a shadowy altar of Dithmenos.
  5504 | D:5      | Entered Level 5 of the Dungeon
  6035 | D:5      | Reached XP level 7. HP: 41/52 MP: 9/9
  6040 | D:5      | Reached skill level 7 in Axes
  6047 | D:5      | Identified the +8 falchion "Olemnafa" {freeze, Str+2}
  6323 | D:5      | Found a hide-covered altar of Uskayaw.
  6979 | D:6      | Noticed a wraith
  6990 | D:6      | Mangled by a wraith

Illustrated notes

Levels and vault maps discovered:
D:1:      zaba_arrival_water, layout_basic
D:2:      layout_basic, ebering_ecumenical_altar_hall
D:3:      wander_river, layout_loops_corners, zin_academy,
          hangedman_abyss_or_decor_lesser_grid, uniq_grinder
D:4:      layout_loops_ring, mainiacjoe_overflow_surrounded_room,
          lemuel_tele_altar, minmay_temple_entry_grid, serial_shops,
          nicolae_shop_stone, grunt_ministairs_6
D:5:      layout_basic, mainiacjoe_overflow_tiny_flanked
D:6:      cheibrodos_iron_armory, layout_rooms, fedhas_altar_2,
          marbit_many_paths, minmay_misc_feat_four_crosses, uniq_sigmund,
          uniq_pikel
Temple:   cyrus_temple_forest

Skill      XL: |  1  2  3  4  5  6  7 |
---------------+----------------------+-----
Axes           | 3 4 6 7 |  7.4
Invocations    | 3 4 |  4.9
Fighting       | |  3.0
Dodging        | |  2.6
Stealth        | |  1.7

Action                   |  1- 3 |  4- 6 |  7- 9 || total
-------------------------+-------+-------+-------++-------
Melee: Hand axe          |   109 |     6 |       ||   115
       Headbutt          |    12 |    10 |     8 ||    30
       Dagger            |       |    69 |    14 ||    83
       Falchion          |       |       |    18 ||    18
 Fire: Hunting sling     |    39 |     1 |       ||    40
Throw: Stone             |    81 |       |       ||    81
       Dart              |       |   110 |     6 ||   116
Evoke: Wand              |       |     2 |       ||     2
  Use: Scroll            |       |     4 |       ||     4
Armor: Robe              |    13 |       |       ||    13
       Ring mail         |    19 |    28 |     4 ||    51
       Leather armour    |       |       |    11 ||    11
Dodge: Dodged            |    82 |     8 |     8 ||    98
Block: Tower shield      |       |    39 |    30 ||    69
       Rpst.: Falchion   |       |       |     2 ||     2
